 Dungeon Sprint DCSS version 0.20-a0-1124-g2e29d97 (webtiles) character file.

402550 potatolord6000 the Invulnerable (level 21, 0/163 HPs)
             Began as a Gargoyle Fighter on May 15, 2017.
             Was an Initiate of Gozag.
             Slain by an acid blob (13 damage)
             ... created by the Royal Jelly
             ... while paralysed by a floating eye
             ... in the Dungeon (Sprint IX: "|||||||||||||||||||||||||||||").
             The game lasted 00:39:18 (8559 turns).

potatolord6000 the Invulnerable (Gargoyle Fighter)  Turns: 8559, Time: 00:39:19

Health: 0/163      AC: 29    Str: 30    XL:     21   Next: 55%
Magic:  4/47       EV:  2    Int:  9    God:    Gozag
Gold:   1889       SH:  0    Dex: 20    Spells: 64/64 levels left

rFire    + . .     SeeInvis +   n - +9 morningstar (crush)
rCold    + + +     Gourm    .   x - +4 large shield {rC+ rF+}
rNeg     + . .     Faith    .   B - +7 storm dragon scales
rPois    ∞         Spirit   .   m - +0 mask of the Dragon {MR+ Slay+3 SInv}
rElec    +         Reflect  .   a - +0 cloak "Ebepinn" {rPois rC+ SInv}
rCorr    .         Harm     .   s - +2 pair of gloves of the Lion {rElec MR- Slay+3 SInv}
MR       +++..     Rnd*Rage +   y - +1 pair of boots {run} Stlth ++++++++..NoTele +
                                (no amulet)
Regen    0.4/turn               F - ring of Waqoek {rC++ AC+3}
MPRegen  0.3/turn               A - ring of Zinos {*Corrode MR++ AC+4 Dex+6}

@: paralysed, agile, corroded, flying, slowed, quick
A: big wings, large bone plates 1, berserk 2, negative energy resistance 1,
sense surroundings 1, electricity resistance, unbreathing, petrification
resistance, rot immunity, AC +15
}: 6/15 runes: decaying, serpentine, barnacled, elven, silver, gossamer
a: Stop Flying, Potion Petition, Call Merchant, Bribe Branch, Renounce Religion


You were in the Dungeon.
You worshipped Gozag.
Gozag was most pleased with you.
You were full.

You visited 1 branch You collected 45463 gold pieces.
You spent 8980 gold pieces at shops.
You paid 34594 gold pieces to Gozag.

Inventory:

Hand Weapons
 n - a +9 morningstar of crushing (weapon)
Armour
 a - the +0 cloak "Ebepinn" (worn) {rPois rC+ SInv}
   (You bought it in a shop in the Dungeon)

   It protects you from cold.
   It protects you from poison.
   It lets you see invisible.
 m - the +0 mask of the Dragon (worn) {MR+ Slay+3 SInv}
   (You bought it in a shop in the Dungeon)

   It affects your accuracy and damage with ranged weapons and melee attacks
   (+3).
   It affects your resistance to hostile enchantments.
   It lets you see invisible.
 s - the +2 pair of gloves of the Lion (worn) {rElec MR- Slay+3 SInv}
   (You bought it in a shop in the Dungeon)

   It affects your accuracy and damage with ranged weapons and melee attacks
   (+3).
   It insulates you from electricity.
   It affects your resistance to hostile enchantments.
   It lets you see invisible.
 x - a +4 large shield of resistance (worn)
 y - a +1 pair of boots of running (worn)
 B - +7 storm dragon scales (worn)
Jewellery
 A - the ring of Zinos (right hand) {*Corrode MR++ AC+4 Dex+6}
   (You bought it in a shop in the Dungeon)

   [ring of protection]

   It affects your AC (+4).
   It affects your dexterity (+6).
   It affects your resistance to hostile enchantments.
   It may corrode you when you take damage.
 F - the ring of Waqoek (left hand) {rC++ AC+3}
   (You found it in the Dungeon)

   [ring of protection]

   It affects your AC (+3).
   It greatly protects you from cold.
Scrolls
 d - 2 scrolls of recharging
 h - 5 scrolls of remove curse
 k - 5 scrolls of blinking
 l - 2 scrolls of amnesia
 q - a scroll of enchant weapon
 t - 4 scrolls of fog
 u - 2 scrolls of identify
 z - 4 scrolls of fear
Potions
 c - 4 potions of berserk rage
 e - 8 potions of curing
 i - 4 potions of magic
 j - a potion of brilliance
 o - a potion of flight {unknown}
 p - 9 potions of haste
 w - 2 potions of agility
 C - 5 potions of might
Books
 E - a book of Clouds

   Spells                             Type                      Level
   a - Poisonous Vapours              Poison/Air                   2
   b - Mephitic Cloud                 Conjuration/Poison/Air       3
   c - Conjure Flame                  Conjuration/Fire             3
   d - Freezing Cloud                 Conjuration/Ice/Air          6
   e - Ring of Flames                 Charms/Fire                  7
 H - Jyanasuh's Compendium of Hexes
   (You found it in the Dungeon)

   Spells                             Type                      Level
   a - Slow                           Hexes                        2
   b - Summon Mana Viper              Hexes/Summoning              5
   c - Silence                        Hexes/Air                    5
Comestibles
 f - 44 fruits
 r - 12 bread rations
 v - 8 meat rations
 D - a royal jelly


   Skills:
 O Level 27 Fighting
 O Level 27 Maces & Flails
 + Level 22.3 Throwing
 O Level 27 Armour
 + Level 20.7 Dodging
 O Level 27 Stealth
 O Level 27 Shields
 + Level 23.9 Unarmed Combat
 + Level 22.3 Spellcasting


You had 64 spell levels left.
You didn't know any spells.

Dungeon Overview and Level Annotations

Branches:
Dungeon (1/1)

Altars:
Cheibriados
Dithmenos
Elyvilon
Fedhas
Gozag
Hepliaklqana
Kikubaaqudgha
Makhleb
Nemelex Xobeh
Okawaru
Qazlal
Ru
Sif Muna
Trog
Uskayaw
Vehumet
Wu Jian
Xom
Yredelemnul
Zin
The Shining One
Beogh
Jiyva
Lugonu

Shops:
D %!==[***==?[[!=*=?[[[


Innate Abilities, Weirdness & Mutations

You are resistant to torment.
Your stone body is resilient. (AC +15)
You are immune to poison.
Your large and strong wings let you fly indefinitely.
You resist negative energy. (rN+)
You are resistant to electric shocks. (rElec)
You can survive without breathing.
You are immune to petrification.
You are immune to rotting.
You are partially covered in large bone plates. (SH +4)
You often lose your temper in combat.
You passively map a small area around you.


Message History

The acid blob is moderately wounded.
The acid blob completely misses you.
You impale the acid blob!!
Your hands burn!
* * * LOW HITPOINT WARNING * * *
The acid blob is heavily wounded.
The acid blob spits acid at you. You block the splash of acid.
You puncture the acid blob!
Your hands burn!
* * * LOW HITPOINT WARNING * * *
The acid blob is severely wounded.
The acid blob jiggles.
You block the acid blob's attack.
The floating eye gazes piercingly through you!
You suddenly lose the ability to move!
The acid blob spits acid at you. The splash of acid hits you!
You are splashed with acid!
The acid burns!
* * * LOW HITPOINT WARNING * * *
The acid blob hits you!
You die...
Your body crumbles into a pile of gold.

..'....)).))'......))[').....))))
▓▓▓▓▓▓▓▓▓▓▓▓▓▓▓▓▓▓▓▓▓▓▓▓▓▓▓▓▓▓▓▓▓
.................................
▓▓▓▓▓▓▓▓▓▓▓▓▓▓▓▓▓▓▓▓▓▓▓▓▓▓▓▓▓▓▓▓▓
'.......0......'..[.[.....∩.[.'.'
▓▓▓▓▓▓▓▓▓▓▓▓▓▓▓▓▓▓▓▓▓▓▓▓▓▓▓▓▓▓▓▓▓
.................................
▓▓▓▓▓▓▓▓▓▓▓▓▓▓▓▓▓▓▓▓▓▓▓▓▓▓▓▓▓▓▓▓▓
, ,.....GGJ@..$$.$$.....).)) * *
* ▓▓▓▓▓▓▓▓▓▓▓▓▓▓▓▓▓▓▓▓▓▓▓▓▓ , , ,
,, , , * * * * * ** * , , , , ,,
+ * **** * * * , , , ,, , * * * ,
,, ,


You could see an acid blob, an eye of draining and a floating eye.

Vanquished Creatures
  the Royal Jelly (D)
  4 orbs of fire (D)
  Mennas (D)
  3 ancient liches (D)
  Sojobo (D)
  Boris (D)
  Margery (D)
  Xtahua (D)
  Frederick (D)
  2 golden dragons (D)
  A bone dragon (D)
  Jory (D)
  2 electric golems (D)
  Rupert (D)
  2 deep elf blademasters (D)
  3 liches (D)
  29 Orb Guardians (D)
  3 quicksilver dragons (D)
  9 acid blobs (D)
  2 deep elf master archers (D)
  Gastronok (D)
  3 tengu reavers (D)
  A thorn hunter (D)
  2 death cobs (D)
  4 nagarajas (D)
  4 storm dragons (D)
  7 shadow dragons (D)
  A draconian monk (D)
  Donald (D)
  Ilsuiw (D)
  3 azure jellies (D)
  A draconian knight (D)
  2 vault wardens (D)
  A fire giant (D)
  2 deep elf sorcerers (D)
  Louise (D)
  3 ghost moths (D)
  5 emperor scorpions (D)
  6 draconian annihilators (D)
  2 draconian shifters (D)
  2 draconian stormcallers (D)
  2 ironheart preservers (D)
  2 very ugly things (D)
  9 vampire knights (D)
  7 stone giants (D)
  2 green draconians (D)
  2 purple draconians (D)
  2 deep elf annihilators (D)
  A black draconian (D)
  2 white draconians (D)
  A spark wasp (D)
  6 red draconians (D)
  3 yellow draconians (D)
  An ettin (D)
  4 merfolk javelineers (D)
  3 merfolk impalers (D)
  7 death oozes (D)
  3 deep elf death magi (D)
  Erolcha (D)
  2 great orbs of eyes (D)
  Josephine (D)
  25 vault guards (D)
  3 deep elf high priests (D)
  2 yaktaur captains (D)
  A rakshasa (D)
  7 fire dragons (D)
  Harold (D)
  4 hydras (D)
  3 naga warriors (D)
  A ghost crab (D)
  5 ice dragons (D)
  A spriggan air mage (D)
  4 merfolk aquamancers (D)
  Erica (D)
  An anaconda (D)
  A merfolk avatar (D)
  7 ogre magi (D)
  2 tengu warriors (D)
  2 alligators (D)
  A deep troll shaman (D)
  A naga sharpshooter (D)
  A deep elf knight (D)
  A shock serpent (D)
  4 hell knights (D)
  Nergalle (D)
  A sea snake (D)
  A spriggan druid (D)
  6 deep trolls (D)
  7 swamp dragons (D)
  A glowing orange brain (D)
  3 ironbrand convokers (D)
  A necromancer (D)
  A wizard (D)
  5 orc knights (D)
  A mana viper (D)
  3 ugly things (D)
  A mana viper (shapeshifter) (D)
  A wolf spider (D)
  11 moths of wrath (D)
  A salamander (D)
  2 manticores (D)
  A guardian serpent (shapeshifter) (D)
  4 vault sentinels (D)
  3 guardian serpents (D)
  2 naga magi (D)
  2 black mambas (D)
  A water nymph (D)
  A torpor snail (D)
  A spiny frog (D)
  2 komodo dragons (D)
  5 yaktaurs (D)
  4 freezing wraiths (D)
  A tengu conjurer (D)
  A merfolk (shapeshifter) (D)
  4 demonic crawlers (D)
  4 trolls (D)
  A merfolk (D)
  2 jumping spiders (D)
  A tyrant leech (D)
  A meliai (D)
  A hornet (D)
  3 hippogriffs (D)
  A bog body (D)
  A hippogriff (shapeshifter) (D)
  4 slime creatures (D)
  A redback (D)
  8 wraiths (D)
  2 wyverns (D)
  A water elemental (D)
  A tarantella (D)
  11 spriggans (D)
  3 yaks (D)
  A steam dragon (D)
  Grum (D)
  A golden eye (shapeshifter) (D)
  2 vampire mosquitoes (D)
  4 wargs (D)
  2 nagas (D)
  2 hell hounds (D)
  6 porcupines (D)
  A swamp drake (D)
  3 water moccasins (D)
  A floating eye (D)
  8 orc warriors (D)
  2 sky beasts (D)
  An eye of draining (D)
  An ogre (D)
  3 boggarts (D)
  4 wolves (D)
  A centaur (D)
  A crocodile (D)
  A bullfrog (D)
  A scorpion (D)
  2 crimson imps (D)
  A jelly (D)
  4 orc priests (D)
  6 orc wizards (D)
  A worker ant (D)
  An adder (D)
  6 orcs (D)
  A giant cockroach (D)
  A goblin (D)
  A hobgoblin (D)
  A quokka (D)
  A jackal simulacrum (D)
  2 rats (D)
462 creatures vanquished.

Vanquished Creatures (others)
  2 merfolk javelineers (D)
  A naga mage (D)
  A blink frog (D)
  A golden eye (D)
  An orc wizard (D)
6 creatures vanquished.

Grand Total: 468 creatures vanquished

Notes
Turn   | Place    | Note
-------+----------+-------------------------------------------
     0 | D        | potatolord6000 the Gargoyle Fighter began the quest for the Orb.
     0 | D        | Reached XP level 1. HP: 14/14 MP: 1/1
    21 | D        | Noticed a crimson imp
    21 | D        | Noticed a worker ant
    21 | D        | Noticed a scorpion
    28 | D        | Killed a scorpion
    28 | D        | Reached skill level 5 in Fighting
    28 | D        | Reached skill level 5 in Armour
    28 | D        | Reached skill level 5 in Shields
    28 | D        | Reached XP level 2. HP: 21/21 MP: 2/2
    28 | D        | Reached XP level 3. HP: 26/26 MP: 3/3
    32 | D        | Reached XP level 4. HP: 31/31 MP: 4/4
    53 | D        | Reached skill level 5 in Maces & Flails
    53 | D        | Reached XP level 5. HP: 36/36 MP: 5/5
    66 | D        | Found a roughly hewn altar of Beogh.
    66 | D        | Found a snail-covered altar of Cheibriados.
    66 | D        | Found a shadowy altar of Dithmenos.
    66 | D        | Found a white marble altar of Elyvilon.
    66 | D        | Found a blossoming altar of Fedhas.
    66 | D        | Found an opulent altar of Gozag.
    67 | D        | Found a hazy altar of Hepliaklqana.
    68 | D        | Found a viscous altar of Jiyva.
    69 | D        | Found an ancient bone altar of Kikubaaqudgha.
    70 | D        | Found a corrupted altar of Lugonu.
    71 | D        | Found a burning altar of Makhleb.
    72 | D        | Found a sparkling altar of Nemelex Xobeh.
    73 | D        | Found an iron altar of Okawaru.
    74 | D        | Became a worshipper of Gozag Ym Sagoz the Greedy
    75 | D        | Found a stormy altar of Qazlal.
    76 | D        | Found a sacrificial altar of Ru.
    77 | D        | Found a deep blue altar of Sif Muna.
    78 | D        | Found a bloodstained altar of Trog.
    79 | D        | Found a hide-covered altar of Uskayaw.
    80 | D        | Found a radiant altar of Vehumet.
    81 | D        | Found an ornate altar of the Wu Jian Council.
    82 | D        | Found a shimmering altar of Xom.
    83 | D        | Found a basalt altar of Yredelemnul.
    84 | D        | Found a glowing silver altar of Zin.
    85 | D        | Found a glowing golden altar of the Shining One.
   145 | D        | Noticed a troll
   145 | D        | Noticed a yak
   145 | D        | Noticed a sky beast
   145 | D        | Noticed a steam dragon
   149 | D        | Killed a steam dragon
   149 | D        | Reached XP level 6. HP: 44/44 MP: 6/6
   160 | D        | Killed a sky beast
   174 | D        | Killed a yak
   174 | D        | Reached XP level 7. HP: 20/51 MP: 7/7
   180 | D        | Killed a troll
   369 | D        | Noticed a tengu conjurer
   369 | D        | Noticed a hippogriff
   369 | D        | Noticed a hippogriff
   380 | D        | Killed a hippogriff
   380 | D        | Reached skill level 10 in Fighting
   380 | D        | Reached skill level 10 in Armour
   380 | D        | Reached skill level 10 in Shields
   380 | D        | Reached XP level 8. HP: 36/57 MP: 8/8
   385 | D        | Killed a hippogriff
   401 | D        | Killed a tengu conjurer
   802 | D        | Noticed a yak
   807 | D        | Killed a yak
   807 | D        | Reached skill level 10 in Maces & Flails
   808 | D        | Reached XP level 9. HP: 40/64 MP: 9/9
   863 | D        | Bought a +0 helmet of see invisible for 161 gold pieces
   863 | D        | Bought a +3 plate armour of cold resistance for 630 gold pieces
   890 | D        | Noticed a komodo dragon
   893 | D        | Noticed a komodo dragon
   912 | D        | Killed a komodo dragon
   912 | D        | Reached XP level 10. HP: 36/72 MP: 10/10
   937 | D        | Bought the cursed +0 cloak "Ebepinn" {rPois rC+ SInv} for 334 gold pieces
   937 | D        | Bought a +0 pair of gloves of strength for 161 gold pieces
  1221 | D        | Noticed Gastronok
  1234 | D        | HP: 1/73 [Gastronok/the air (41)]
  1237 | D        | Killed Gastronok
  1505 | D        | Noticed Erolcha
  1511 | D        | Killed Erolcha
  1511 | D        | Reached XP level 11. HP: 80/80 MP: 11/11
  1772 | D        | Noticed an orc knight
  1774 | D        | Noticed an orc knight
  1779 | D        | Killed an orc knight
  1800 | D        | Killed an orc knight
  1881 | D        | Bought a +2 amulet of reflection for 105 gold pieces
  1980 | D        | Found Saeshrosm's Assorted Antiques.
  1980 | D        | Noticed an ogre mage
  1980 | D        | Noticed an ogre mage
  1980 | D        | Noticed a deep troll
  1981 | D        | Noticed a deep troll
  1984 | D        | Reached skill level 15 in Armour
  1987 | D        | Killed a deep troll
  1987 | D        | Reached skill level 15 in Fighting
  1987 | D        | Reached skill level 15 in Shields
  1992 | D        | Found Iguqy's Jewellery Shop.
  1992 | D        | Noticed a deep troll
  1995 | D        | Noticed an ogre mage
  1996 | D        | Killed an ogre mage
  1996 | D        | Paralysed by an ogre mage for 4 turns
  2005 | D        | Killed an ogre mage
  2010 | D        | Killed a deep troll
  2014 | D        | Killed a deep troll
  2015 | D        | Found Yruc's Distillery.
  2018 | D        | Killed an ogre mage
  2032 | D        | Found Vaufidan's Food Shop.
  2034 | D        | Noticed a deep troll
  2035 | D        | Noticed a deep troll
  2037 | D        | Noticed a deep troll
  2039 | D        | Noticed an ogre mage
  2045 | D        | Killed a deep troll
  2045 | D        | Reached XP level 12. HP: 61/88 MP: 12/12
  2062 | D        | Killed an ogre mage
  2062 | D        | Reached skill level 15 in Maces & Flails
  2102 | D        | Bought the ring of Joy {Str+4 Dex+4} for 551 gold pieces
  2107 | D        | Bought the +0 mask of the Dragon {MR+ Slay+3 SInv} for 1135 gold pieces
  2107 | D        | Bought a glowing large shield for 255 gold pieces
  2107 | D        | Bought a pair of glowing boots for 255 gold pieces
  2127 | D        | Identified a +1 pair of boots of running (You bought it in a shop in the Dungeon)
  2260 | D        | Noticed Grum
  2266 | D        | Killed Grum
  2317 | D        | Noticed Harold
  2337 | D        | Killed Harold
  2356 | D        | Noticed Josephine
  2374 | D        | Killed Josephine
  2488 | D        | Noticed a fire dragon
  2491 | D        | Noticed a stone giant
  2494 | D        | Noticed a green very ugly thing
  2513 | D        | Noticed a tengu warrior
  2518 | D        | Killed a fire dragon
  2525 | D        | Killed a stone giant
  2532 | D        | Killed a green very ugly thing
  2540 | D        | Killed a tengu warrior
  2540 | D        | Reached XP level 13. HP: 64/96 MP: 13/13
  2569 | D        | Bought the ring of Zinos {*Corrode MR++ AC+4 Dex+6} for 817 gold pieces
  2788 | D        | Noticed a merfolk javelineer
  2813 | D        | Killed a merfolk javelineer
  2819 | D        | Noticed a thorn hunter
  2832 | D        | Killed a thorn hunter
  2906 | D        | Bought a scroll of enchant armour for 90 gold pieces
  2906 | D        | Bought a scroll of enchant weapon for 90 gold pieces
  3216 | D        | Noticed a spark wasp
  3216 | D        | Noticed an emperor scorpion
  3240 | D        | Killed an emperor scorpion
  3245 | D        | Killed a spark wasp
  3431 | D        | Noticed Erica
  3433 | D        | Noticed Rupert
  3434 | D        | Noticed Donald
  3436 | D        | Killed Erica
  3436 | D        | Gained mutation: Your large and strong wings let you fly indefinitely. [Gargoyle growth]
  3436 | D        | Reached XP level 14. HP: 106/106 MP: 14/14
  3452 | D        | Killed Rupert
  3458 | D        | Killed Donald
  3502 | D        | Noticed an emperor scorpion
  3510 | D        | Killed an emperor scorpion
  3557 | D        | Noticed a red very ugly thing
  3573 | D        | Killed a red very ugly thing
  3576 | D        | Noticed a lich
  3577 | D        | Noticed a stone giant
  3613 | D        | Killed a lich
  3628 | D        | Killed a stone giant
  3656 | D        | Noticed a stone giant
  3672 | D        | Killed a stone giant
  3714 | D        | Bought the amulet of the Jackalope {Reflect *Corrode Int+4 Dex+3 Slay+5 SH+2} for 624 gold pieces
  3971 | D        | Noticed a vault warden
  3987 | D        | Noticed a vault warden
  3997 | D        | Noticed an ironheart preserver
  4013 | D        | Killed a vault warden
  4028 | D        | Noticed an ironheart preserver
  4031 | D        | Killed an ironheart preserver
  4040 | D        | Reached XP level 15. HP: 99/115 MP: 15/15
  4140 | D        | Noticed Frederick
  4157 | D        | Killed Frederick
  4196 | D        | Noticed Boris
  4197 | D        | Noticed Xtahua
  4199 | D        | Noticed Louise
  4209 | D        | Killed Boris
  4219 | D        | Killed Xtahua
  4228 | D        | Killed Louise
  4475 | D        | Noticed Jory
  4492 | D        | Killed Jory
  4729 | D        | Noticed Mennas
  4763 | D        | Killed Mennas
  4768 | D        | Noticed a tengu reaver
  4770 | D        | Noticed Sojobo
  4772 | D        | Noticed a tengu reaver
  4778 | D        | Killed a tengu reaver
  4786 | D        | Killed Sojobo
  4786 | D        | Reached XP level 16. HP: 52/125 MP: 16/16
  4790 | D        | Killed a tengu reaver
  5096 | D        | Got a gossamer rune of Zot
  5167 | D        | Got a decaying rune of Zot
  5186 | D        | Bought a potion of might for 84 gold pieces
  5186 | D        | Bought a potion of might for 84 gold pieces
  5186 | D        | Bought a potion of might for 84 gold pieces
  5186 | D        | Bought 2 potions of mutation for 336 gold pieces
  5186 | D        | Bought a potion of mutation for 168 gold pieces
  5186 | D        | Bought a potion of heal wounds for 105 gold pieces
  5186 | D        | Bought a potion of heal wounds for 105 gold pieces
  5188 | D        | Gained mutation: You expend magic power (3 MP) to strengthen your wands. [potion of mutation]
  5188 | D        | Gained mutation: You are partially covered in large bone plates. (SH +4) [potion of mutation]
  5188 | D        | Gained mutation: You passively map a small area around you. [potion of mutation]
  5197 | D        | Noticed a nagaraja
  5197 | D        | Noticed a nagaraja
  5200 | D        | Noticed a nagaraja
  5206 | D        | Noticed a nagaraja
  5218 | D        | Killed a nagaraja
  5224 | D        | Killed a nagaraja
  5228 | D        | Killed a nagaraja
  5235 | D        | Killed a nagaraja
  5269 | D        | Got a serpentine rune of Zot
  5298 | D        | Noticed Ilsuiw
  5314 | D        | Killed Ilsuiw
  5366 | D        | Got a barnacled rune of Zot
  5409 | D        | Noticed Margery
  5428 | D        | Killed Margery
  5428 | D        | Reached XP level 17. HP: 132/136 MP: 17/17
  5517 | D        | Noticed Nergalle
  5521 | D        | Killed Nergalle
  5702 | D        | Noticed a lich
  5709 | D        | Noticed an Executioner
  5720 | D        | Killed a lich
  5720 | D        | Reached skill level 27 in Armour
  5720 | D        | Reached skill level 27 in Shields
  5728 | D        | Reached skill level 27 in Fighting
  5815 | D        | Bought a scroll of enchant armour for 127 gold pieces
  5815 | D        | Bought a scroll of enchant weapon for 127 gold pieces
  5835 | D        | Noticed an ancient lich
  5838 | D        | Reached skill level 27 in Maces & Flails
  5842 | D        | Reached skill level 1 in Dodging
  5842 | D        | Reached skill level 1 in Spellcasting
  5852 | D        | Killed an ancient lich
  5852 | D        | Reached skill level 5 in Unarmed Combat
  5859 | D        | Reached skill level 5 in Throwing
  5859 | D        | Reached skill level 5 in Spellcasting
  5860 | D        | Identified Jyanasuh's Compendium of Hexes
  5865 | D        | Reached XP level 18. HP: 107/145 MP: 19/25
  5870 | D        | Reached skill level 5 in Dodging
  5888 | D        | Got a silver rune of Zot
  6115 | D        | Got the ring "Tynnob" {-Tele rF+ Str+3 SInv}
  6120 | D        | Got the ring of Waqoek {rC++ AC+3}
  6125 | D        | Got the ring "Ewuoluz" {*Slow rC++ Slay+3}
  6128 | D        | Got the ring of the Princeling {rC+ Str+4 Int+3}
  6131 | D        | Got the amulet "Lonul" {+Blink MR- Regen+ Slay+2}
  6383 | D        | Reached skill level 10 in Stealth
  6483 | D        | Noticed a golden dragon
  6483 | D        | Noticed a golden dragon
  6484 | D        | Noticed a bone dragon
  6496 | D        | Killed a golden dragon
  6511 | D        | Killed a bone dragon
  6514 | D        | Killed a golden dragon
  6514 | D        | Reached skill level 10 in Unarmed Combat
  6548 | D        | Reached skill level 10 in Throwing
  6548 | D        | Reached skill level 10 in Spellcasting
  6585 | D        | Bought scorched fire dragon scales for 2210 gold pieces
  6585 | D        | Identified the +3 fire dragon scales "Ostrayrimp" {rF++ rC- MR+} (You bought it in a shop in the Dungeon)
  6667 | D        | Reached skill level 10 in Dodging
  6691 | D        | Noticed an orb of fire
  6699 | D        | Gained mutation: You tend to lose your temper in combat. [an orb of fire]
  6715 | D        | Killed an orb of fire
  6737 | D        | Reached skill level 15 in Stealth
  6866 | D        | Noticed an electric golem
  6871 | D        | Killed an electric golem
  6888 | D        | Noticed a quicksilver dragon
  6901 | D        | Reached XP level 19. HP: 151/151 MP: 35/35
  6977 | D        | Reached skill level 15 in Unarmed Combat
  7174 | D        | Reached skill level 15 in Throwing
  7174 | D        | Reached skill level 15 in Spellcasting
  7220 | D        | Bought a pair of brightly glowing gloves for 342 gold pieces
  7220 | D        | Identified the +2 pair of gloves of the Lion {rElec MR- Slay+3 SInv} (You bought it in a shop in the Dungeon)
  7294 | D        | Noticed an ancient lich
  7298 | D        | Killed an ancient lich
  7298 | D        | Reached skill level 15 in Dodging
  7301 | D        | Noticed an orb of fire
  7304 | D        | Killed an orb of fire
  7307 | D        | Noticed an electric golem
  7309 | D        | Killed an electric golem
  7317 | D        | Noticed an orb of fire
  7321 | D        | Reached XP level 20. HP: 149/157 MP: 41/41
  7335 | D        | Lost mutation: You expend magic power (3 MP) to strengthen your wands. [an orb of fire]
  7335 | D        | Gained mutation: You often lose your temper in combat. [an orb of fire]
  7336 | D        | Killed an orb of fire
  7343 | D        | Noticed an orb of fire
  7361 | D        | Killed an orb of fire
  7852 | D        | Noticed an ancient lich
  7864 | D        | Killed an ancient lich
  7903 | D        | Reached XP level 21. HP: 163/163 MP: 45/45
  8168 | D        | Got an elven rune of Zot
  8423 | D        | Paralysed by a floating eye for 4 turns
  8445 | D        | Noticed the Royal Jelly
  8520 | D        | Killed the Royal Jelly
  8520 | D        | Reached skill level 27 in Stealth
  8537 | D        | Paralysed by a floating eye for 3 turns
  8541 | D        | Paralysed by a floating eye for 4 turns
  8547 | D        | Paralysed by a floating eye for 2 turns
  8558 | D        | Paralysed by a floating eye for 3 turns
  8559 | D        | Slain by an acid blob

Vault maps used:
D:        linesprint

Skill      XL: |  1  2  3  4  5  6  7  8  9 10 11 12 13 14 15 16 17 18 19 20 21 |
---------------+----------------------------------------------------------------+-----
Fighting       | 5 6 7 9 10 11 12 14 15 17 19 21 23 25 27 | 27.0
Maces & Flails | 4 5 6 7 8 10 11 13 14 16 18 20 22 24 27 | 27.0
Armour         | 5 6 7 9 10 11 12 14 15 17 19 21 23 25 27 | 27.0
Shields        | 5 6 7 8 10 11 12 14 15 17 19 21 23 25 27 | 27.0
Throwing       | 5 12 17 20 22 | 22.3
Dodging        | 4 11 15 19 20 | 20.7
Stealth        | 7 16 21 25 27 | 27.0
Unarmed Combat | 5 14 18 22 23 | 23.9
Spellcasting   | 5 12 17 20 22 | 22.3

Action                   |  1- 3 |  4- 6 |  7- 9 | 10-12 | 13-15 | 16-18 | 19-21 || total
-------------------------+-------+-------+-------+-------+-------+-------+-------++-------
Melee: Flail             |    19 |    13 |       |       |       |       |       ||    32
       Morningstar       |       |    21 |    95 |   267 |   465 |   605 |   512 ||  1965
Invok: Potion Petition   |       |       |     1 |       |       |       |       ||     1
       Call Merchant     |       |       |     1 |     4 |     5 |     4 |     3 ||    17
 Abil: Fly               |       |       |       |       |     2 |       |       ||     2
       Stop Flying       |       |       |       |       |     1 |       |       ||     1
  Use: Potion            |     2 |     2 |     2 |     4 |     4 |     1 |    12 ||    27
       Scroll            |       |       |     4 |     3 |     4 |     6 |     1 ||    18
 Stab: Invisible         |       |     4 |       |       |       |       |       ||     4
       Distracted        |       |       |     1 |       |     7 |    13 |    20 ||    41
       Sleeping          |       |       |       |       |       |       |     7 ||     7
  Eat: Fruit             |       |       |       |     4 |       |       |       ||     4
       Bread ration      |       |       |       |     1 |       |       |       ||     1
       Meat ration       |       |       |       |       |     3 |     1 |     1 ||     5
Armor: Scale mail        |     9 |    13 |    34 |       |       |       |       ||    56
       Plate armour      |       |       |    11 |    56 |   120 |    57 |       ||   244
       Storm dragon scal |       |       |       |       |       |    31 |    70 ||   101
Dodge: Dodged            |     4 |     6 |    32 |    33 |    31 |    59 |    71 ||   236
Block: Shield            |     8 |    16 |    73 |    80 |       |       |       ||   177
       Reflection        |       |       |       |     4 |     9 |    23 |       ||    36
       Large shield      |       |       |       |    56 |   355 |   447 |   389 ||  1247
